 Dungeon Crawl Stone Soup version 0.29.1-2-gbd0b4ee654 (webtiles) character file.

Game seed: 15531702913676931900

5264 safid the Marksminotaur (level 10, -6/132 HPs)
             Began as a Minotaur Hunter on Nov 18, 2022.
             Was a High Priest of Okawaru.
             Mangled by Harold
             ... wielding a +0 vorpal halberd
              (13 damage)
             ... on level 9 of the Dungeon.
             The game lasted 00:17:03 (10528 turns).

safid the Marksminotaur (Minotaur Hunter)          Turns: 10528, Time: 00:17:03

Health: -6/132     AC: 14    Str: 21    XL:     10   Next: 36%
Magic:  9/9        EV: 10    Int:  5    God:    Okawaru [*****.]
Gold:   446        SH:  0    Dex: 16    Spells: 9/9 levels left

rFire   . . .      SeeInvis .   g - +1 arbalest
rCold   . . .      Faith    .   (shield currently unavailable)
rNeg    . . .      Spirit   .   i - +1 scale mail of the Nexus {rCorr}
rPois   .          Reflect  .   (helmet restricted)
rElec   .          Harm     .   l - +1 cloak
rCorr   +          Rampage  .   f - +1 pair of gloves
Will    .....                   e - +2 pair of boots
Stlth   ..........              (no amulet)
HPRegen 0.32/turn               j - ring of flight
MPRegen 0.11/turn               (no ring)

@: berserking (expiring), marked, flying, very quick
A: horns 2, retaliatory headbutt, strong 1
a: Renounce Religion, Heroism, Finesse, Duel


You were on level 9 of the Dungeon.
You worshipped Okawaru.
Okawaru was extremely pleased with you.
You visited 1 branch of the dungeon, and saw 9 of its levels.

You collected 446 gold pieces.

Inventory:

Hand Weapons
 g - a +1 arbalest (weapon)
Armour
 e - a +2 pair of boots (worn)
 f - a +1 pair of gloves (worn)
 i - the +1 scale mail of the Nexus (worn) {rCorr}
   (You found it on level 7 of the Dungeon)

   rCorr:     It protects you from acid and corrosion.
 l - a +1 cloak (worn)
Jewellery
 j - a ring of flight (left hand)
Wands
 m - a wand of paralysis (4)
 p - a wand of roots (15)
Scrolls
 b - a scroll of summoning {unknown}
 d - 6 scrolls of teleportation
 h - a scroll of enchant weapon
 k - a scroll of enchant armour
 q - 2 scrolls of blinking
Potions
 a - a potion of cancellation
 c - a potion of curing
 n - a potion of might
 v - a potion of mutation


   Skills:
 - Level 8.0 Fighting
 + Level 15.7 Ranged Weapons
 - Level 2.1 Dodging
 - Level 0.7 Stealth


You had 9 spell levels left.
You didn't know any spells.
Your spell library contained the following spells:

 Spells                   Type           Power      Damage    Failure   Level
 Shock                    Conj/Air       0%         1d3       83%         1
 Gell's Gravitas          Tloc           0%         N/A       99%         3
 Inner Flame              Hex/Fire       0%         N/A       99%         3
 Lesser Beckoning         Tloc           0%         N/A       99%         3
 Swiftness                Air            0%         N/A       99%         3
 Teleport Other           Tloc           0%         N/A       99%         3
 Airstrike                Air            0%         2d(0-16)  100%        4
 Cause Fear               Hex            0%         N/A       100%        4
 Olgreb's Toxic Radiance  Pois           0%         N/A       100%        4
 Ozocubu's Refrigeration  Ice            0%         4d7       100%        7
 Discord                  Hex            0%         N/A       100%        8
 Disjunction              Tloc           0%         N/A       100%        8
 Ignition                 Fire           0%         3d3       100%        8
 Malign Gateway           Summ/Tloc      Unusable   N/A       N/A         7

Dungeon Overview and Level Annotations

Branches:
Dungeon (9/15)             Temple (0/1) D:4             Orc (0/2) D:9
   Lair: D:8-11

Altars:
Hepliaklqana
Kikubaaqudgha
Okawaru
Ru
Vehumet
Wu Jian

Annotations:
D:7 1 runed translucent door, deadpool521's ghost, amateur HOFi
D:8 2 transporters, PorkyPig's ghost, novice DrCj
D:9 Harold


Innate Abilities, Weirdness & Mutations

You have a pair of horns on your head.
You reflexively headbutt those who attack you in melee.
Your muscles are strong. (Str +4, Int/Dex -1)


Message History

You shoot a bolt. The bolt hits Harold.
Harold is lightly wounded.
Harold hits you from afar with a +0 vorpal halberd.
You shoot a bolt. The bolt barely misses Harold.
Harold gestures at you while chanting. The mark upon you grows brighter.
Harold hits you from afar with a +0 vorpal halberd.
You shoot a bolt. The bolt barely misses Harold.
Harold says, "My wife will appreciate not having to wash blood out of my clothes anymore."
Harold hits you from afar with a +0 vorpal halberd!!
* * * LOW HITPOINT WARNING * * *
x2 It was a potion of berserk rage.
A red film seems to cover your vision as you go berserk!
You feel yourself moving faster!
You feel mighty! Harold closely misses you.
You feel a strong urge to attack something.
Harold hits you with a +0 vorpal halberd.
* * * LOW HITPOINT WARNING * * *
x2
There is an open door here.
Really attack while wielding your +1 arbalest? [Y]es or [N]o only, please.
Really attack while wielding your +1 arbalest?
You clumsily bash Harold.
You headbutt Harold.
Harold is lightly wounded.
Harold closely misses you. You furiously retaliate!
You headbutt Harold!
You clumsily bash Harold.
Harold is moderately wounded.
Harold hits you with a +0 vorpal halberd!
* * * LOW HITPOINT WARNING * * *
x2 You completely miss Harold.
Harold is moderately wounded.
Harold gestures at you while chanting. The mark upon you grows brighter.
You clumsily bash Harold.
You headbutt Harold!
Harold is heavily wounded.
Harold hits you with a +0 vorpal halberd.
* * * LOW HITPOINT WARNING * * *
x2 You clumsily bash Harold but do no damage.
Harold is heavily wounded.
Harold hits you with a +0 vorpal halberd!
You die...

#........†#............
#.........#(...........
#.........+............
#.........#............
#.........###.#........
#.........# #.#........
#.........# #.#........
#.........# #.'........
######@#### ###....))..
#.@# ###....## #.##
####..) #.* #...). #.*
#..... #.* #..... *#.*
#..... **..* #.....
*,,** #.....


You could see Harold.

Vanquished Creatures
  A two-headed ogre (D:8)
  A hornet (D:9)
  2 wyverns
  A steam dragon (D:7)
  3 vampire mosquitoes (D:6)
  A warg (D:9)
  4 orc warriors
  2 ice beasts
  3 black bears
  2 sky beasts (D:8)
  8 ogres
  4 centaurs
  A kobold brigand (D:6)
  3 bullfrogs
  2 necrophages
  2 scorpions
  8 killer bees
  2 howler monkeys
  4 hounds
  2 jellies
  4 orc priests
  2 orc wizards
  4 iguanas
  3 adders
  6 gnolls (D:5)
  A white imp (D:3)
  2 ufetubi
  A worm (D:2)
  3 dart slugs
  23 orcs
  9 ball pythons
  7 endoplasms
  4 giant cockroaches
  6 goblins
  4 hobgoblins
  6 jackals
  2 quokkas
  4 bats
  A frilled lizard (D:3)
  4 kobolds
  3 rats
155 creatures vanquished.

Notes
Turn   | Place    | Note
-------+----------+-------------------------------------------
     0 | D:1      | safid the Minotaur Hunter began the quest for the Orb.
     0 | D:1      | Reached XP level 1. HP: 18/18 MP: 0/0
   172 | D:1      | Reached XP level 2. HP: 26/26 MP: 1/1
   685 | D:1      | Found a faded altar of an unknown god.
   989 | D:2      | Reached skill level 5 in Ranged Weapons
   989 | D:2      | Reached XP level 3. HP: 31/31 MP: 2/2
  1223 | D:2      | Got the Discourse on Hyperbolic Hexing
  1471 | D:2      | Reached XP level 4. HP: 40/40 MP: 3/3
  2358 | D:3      | Found a transporter.
  2372 | D:3      | Found an iron altar of Okawaru.
  2388 | D:3      | Found a transporter.
  2549 | D:3      | Became a worshipper of Warmaster Okawaru
  2562 | D:3      | Reached XP level 5. HP: 12/47 MP: 4/4
  2876 | D:4      | Noticed a black bear
  2885 | D:4      | Killed a black bear
  2886 | D:4      | Reached skill level 5 in Fighting
  2886 | D:4      | Reached skill level 6 in Ranged Weapons
  2993 | D:4      | Reached XP level 6. HP: 44/57 MP: 5/5
  3235 | D:4      | Reached skill level 7 in Ranged Weapons
  3242 | D:4      | Reached * piety under Okawaru
  3243 | D:4      | Reached XP level 7. HP: 42/64 MP: 6/6
  3396 | D:4      | Found a staircase to the Ecumenical Temple.
  4342 | D:4      | Reached skill level 8 in Ranged Weapons
  4533 | D:5      | Entered Level 5 of the Dungeon
  4632 | D:5      | Reached ** piety under Okawaru
  4638 | D:5      | Reached XP level 8. HP: 40/74 MP: 7/7
  4834 | D:5      | Reached skill level 9 in Ranged Weapons
  5008 | D:5      | Found a hazy altar of Hepliaklqana.
  5008 | D:5      | Found an ornate altar of the Wu Jian Council.
  5010 | D:5      | Found a sacrificial altar of Ru.
  5070 | D:5      | Found an ancient bone altar of Kikubaaqudgha.
  5075 | D:5      | Reached skill level 10 in Ranged Weapons
  5486 | D:5      | Found a radiant altar of Vehumet.
  5922 | D:6      | Reached skill level 11 in Ranged Weapons
  5977 | D:6      | Reached *** piety under Okawaru
  6227 | D:6      | Reached XP level 9. HP: 47/81 MP: 5/8
  6234 | D:6      | Reached skill level 12 in Ranged Weapons
  7952 | D:7      | Reached skill level 13 in Ranged Weapons
  8077 | D:7      | Identified the +1 scale mail of the Nexus {rCorr}
  8384 | D:7      | Found a runed translucent door.
  8384 | D:7      | Noticed deadpool521's ghost (amateur HOFi)
  8384 | D:7      | Noticed a gargoyle
  8867 | D:8      | Found a transporter.
  8867 | D:8      | Noticed PorkyPig's ghost (novice DrCj)
  8868 | D:8      | Found a transporter.
  8912 | D:8      | Reached **** piety under Okawaru
  9016 | D:8      | Reached skill level 14 in Ranged Weapons
  9239 | D:8      | Noticed a two-headed ogre
  9268 | D:8      | Killed a two-headed ogre
  9269 | D:8      | Reached XP level 10. HP: 17/88 MP: 9/9
  9974 | D:9      | Gained mutation: Your body sometimes deteriorates upon
                  | taking damage. [potion of mutation]
  9975 | D:9      | Lost mutation: Your body sometimes deteriorates upon taking
                  | damage. [potion of mutation]
  9975 | D:9      | Gained mutation: Your muscles are strong. (Str +4, Int/Dex
                  | -1) [potion of mutation]
 10010 | D:9      | Reached skill level 15 in Ranged Weapons
 10287 | D:9      | Found a staircase to the Orcish Mines.
 10501 | D:9      | Reached ***** piety under Okawaru
 10511 | D:9      | Noticed Harold
 10528 | D:9      | Mangled by Harold

Illustrated notes

Levels and vault maps discovered:
D:1:      minmay_arrival_hallway, layout_basic,
          chequers_ecumenical_altar_simple, chequers_serial_rivers_marsh
D:2:      layout_loops_ring
D:3:      layout_basic, gammafunk_temple_overflow_arena
D:4:      layout_loops_cross, minmay_temple_entry_proselytizer,
          hangedman_abyss_or_decor_jellyfish_corner
D:5:      layout_basic, mainiacjoe_overflow_catch_the_wave,
          chequers_temple_overflow_statue_of_worship
D:6:      layout_loops_ring
D:7:      layout_basic, ebering_ghost_inner_flame
D:8:      layout_loops_ring, gammafunk_ghost_hive
D:9:      layout_roguey, david_orc_3, uniq_harold

Skill      XL: |  1  2  3  4  5  6  7  8  9 10 |
---------------+-------------------------------+-----
Fighting       | 3 4 5 6 8 |  8.0
Ranged Weapons | 5 6 7 8 11 14 15 | 15.7
Dodging        | |  2.1
Stealth        | |  0.7

Action                   |  1- 3 |  4- 6 |  7- 9 | 10-12 || total
-------------------------+-------+-------+-------+-------++-------
Melee: Arbalest          |       |       |     1 |     5 ||     6
       Headbutt          |       |       |     1 |     2 ||     3
 Fire: Shortbow          |    81 |   102 |   274 |       ||   457
       Arbalest          |       |       |    72 |    75 ||   147
Invok: Heroism           |       |       |     1 |       ||     1
  Use: Potion            |       |     7 |     2 |     6 ||    15
       Scroll            |       |       |    10 |     3 ||    13
Armor: Scale mail        |    20 |    55 |   131 |    36 ||   242
Dodge: Dodged            |    23 |    62 |   161 |    32 ||   278
